 Dungeon Crawl Stone Soup version 0.29.0-4-gdea44cf6ec (webtiles) character file.

Game seed: 9157311643413068075

454 qw the Cleaver (level 6, 0/79 HPs)
             Began as a Minotaur Berserker on Sept 4, 2022.
             Was a Believer of Trog.
             Slain by a hornet (1 damage)
             ... on level 4 of the Dungeon.
             The game lasted 00:01:13 (3852 turns).

qw the Cleaver (Minotaur Berserker)                 Turns: 3852, Time: 00:01:14

Health: 0/79       AC: 12    Str: 24    XL:     6   Next: 76%
Magic:  5/5        EV:  8    Int:  4    God:    Trog [**....]
Gold:   214        SH:  0    Dex:  9    Spells: 5/5 levels left

rFire   . . .      SeeInvis .   f - +0 hand axe (vamp)
rCold   . . .      Faith    .   (no shield)
rNeg    . . .      Spirit   .   c - +0 chain mail
rPois   .          Reflect  .   (helmet restricted)
rElec   .          Harm     .   (no cloak)
rCorr   .          Rampage  .   (no gloves)
Will    .....                   (no boots)
Stlth   ..........              (no amulet)
HPRegen 0.23/turn               m - +4 ring of protection
MPRegen 0.09/turn               (no ring)

@: berserking, lethally poisoned (0 -> -3), slowed
A: horns 2, retaliatory headbutt
a: Renounce Religion, Berserk, Trog's Hand


You were on level 4 of the Dungeon.
You worshipped Trog.
Trog was pleased with you.
You visited 1 branch of the dungeon, and saw 4 of its levels.

You collected 214 gold pieces.


Innate Abilities, Weirdness & Mutations

You have a pair of horns on your head.
You reflexively headbutt those who attack you in melee.


   Skills:
 + Level 4.4 Fighting
 - Level 9.0 Axes
 - Level 2.4 Armour
 - Level 2.1 Dodging


You had 5 spell levels left.
You didn't know any spells.
Your spell library was empty.

Inventory:

Hand Weapons
 f - a +0 vampiric hand axe (weapon)
 k - a +0 flail
Armour
 c - a +0 chain mail (worn)
 i - a +0 pair of boots
 l - a +0 pair of gloves
Jewellery
 m - a +4 ring of protection (left hand)
Scrolls
 a - a scroll of identify
 b - a scroll of torment {unknown}
 e - a scroll of teleportation
 n - a scroll of vulnerability {unknown}
Potions
 d - a potion of resistance
 g - a potion of curing
 h - 2 potions of degeneration {unknown}
 j - a potion of cancellation {unknown}

Dungeon Overview and Level Annotations

Branches:
Dungeon (4/15)
 Temple: D:4-7

Altars:
Gozag
Wu Jian

Annotations:
D:2 1 runed translucent door, Crazy Yiuf


Message History

You start resting.
HP restored.
You see here an adder corpse.
An endoplasm comes into view.
The endoplasm quivers.
Enter note: You hit the endoplasm.
You punch the endoplasm.
You kill the endoplasm!
Trog accepts your kill.
A hornet comes into view.
The hornet buzzes angrily.
You hit the hornet but do no damage.
The hornet stings you but does no damage.
You closely miss the hornet.
You headbutt the hornet, but do no damage.
The hornet stings you!
You feel yourself slow down. The hornet stings you.
You feel as though you will be slow longer.
You hit the hornet but do no damage. The hornet stings you!
You are poisoned.
You suddenly lose the ability to move!
The hornet stings you but does no damage.
You feel yourself speed up.
You feel very sick.
The hornet stings you but does no damage.
You feel sick.
The hornet stings you but does no damage. x2
You can move again.
3850 ||| INVOKING Berserk.
A red film seems to cover your vision as you go berserk!
You feel yourself moving faster!
You feel mighty!
You feel sick. The hornet stings you!
You feel yourself slow down.
You barely miss the hornet.
You feel sick. The hornet stings you!
You feel as though you will be slow longer.
You closely miss the hornet. Your headbutt misses the hornet.
You feel sick. The hornet stings you.
You feel as though you will be slow longer.
The hornet stings you.
You die...

## ..# ##..## ###..#..###
######..#...#..###
......#=..#...#..#####
#..#.y.#...#...#.....##
#...#@..#...#...#....#
#...#...#...#...#...
#...#...#...#...#.....
#.#...#...#...#...#...#...
#...#...#...#...#...#.....
#.#...#...#...#...#...#)..
##...#...#...#...#...#.....
##..#...#...#...#...#...#..#
##>....#...#...#...#...#...##


You could see a hornet.

Vanquished Creatures
  A steam dragon (D:4)
  2 hounds (D:4)
  An orc priest (D:3)
  2 orc wizards
  Robin (D:3)
  3 gnolls (D:2)
  4 adders
  An ufetubus (D:4)
  2 worms
  3 dart slugs
  9 orcs
  4 bats
  5 endoplasms
  4 giant cockroaches
  12 goblins
  9 hobgoblins
  2 jackals (D:3)
  4 kobolds
  2 quokkas (D:3)
  7 ball pythons
  4 frilled lizards
  4 rats
86 creatures vanquished.

Notes
Turn   | Place    | Note
-------+----------+-------------------------------------------
     0 | D:1      | qw the Minotaur Berserker began the quest for the Orb.
     0 | D:1      | Reached XP level 1. HP: 19/19 MP: 0/0
     0 | D:1      | 0 ||| qw: Version: 0.1-a-103-gd6f5d3a
     0 | D:1      | 0 ||| qw: Game counter: 5547
     0 | D:1      | 0 ||| qw: Always use a shield: true
     0 | D:1      | 0 ||| qw: Do Orc after D:15 true
     0 | D:1      | 0 ||| qw: Do second Lair branch before Depths: true
     0 | D:1      | 0 ||| qw: Lair rune preference: random
     0 | D:1      | 0 ||| qw: Plans: Normal
     0 | D:1      | 0 ||| PLANNING D:1-11
    94 | D:1      | Reached skill level 4 in Axes
   164 | D:1      | Found a faded altar of an unknown god.
   229 | D:1      | Reached XP level 2. HP: 23/26 MP: 1/1
   964 | D:1      | 964 ||| DROPPING orb of light.
   965 | D:1      | 965 ||| UPGRADING to +0 leather armour.
   975 | D:1      | 975 ||| DROPPING +0 animal skin.
   976 | D:1      | 976 ||| READING 3 scrolls labelled MYAROUZUEBI.
   977 | D:1      | 977 ||| READING 2 scrolls of identify.
   977 | D:1      | 977 ||| IDENTIFYING sedimented emerald potion
   978 | D:1      | 978 ||| DROPPING potion of berserk rage.
  1010 | D:2      | Reached skill level 5 in Axes
  1125 | D:2      | Reached XP level 3. HP: 18/31 MP: 2/2
  1316 | D:2      | Found a runed translucent door.
  1317 | D:2      | Noticed Crazy Yiuf
  1406 | D:2      | Reached ** piety under Trog
  1424 | D:2      | 1424 ||| DROPPING +0 club.
  1445 | D:2      | 1445 ||| Stepping ~*~*~tactically~*~*~ (stealth).
  1464 | D:2      | 1464 ||| Stepping ~*~*~tactically~*~*~ (stealth).
  1518 | D:2      | 1518 ||| Stepping ~*~*~tactically~*~*~ (hiding).
  1524 | D:2      | 1524 ||| INVOKING Berserk.
  1531 | D:2      | Reached skill level 6 in Axes
  1531 | D:2      | Reached XP level 4. HP: 39/39 MP: 0/3
  1723 | D:2      | Found an ornate altar of the Wu Jian Council.
  1985 | D:2      | 1985 ||| UPGRADING to +0 chain mail.
  1995 | D:2      | 1995 ||| DROPPING +0 leather armour.
  1996 | D:2      | 1996 ||| READING scroll labelled DOUJUL GIMADOT.
  1997 | D:2      | 1997 ||| READING scroll labelled SANESO GEASME.
  1998 | D:2      | 1998 ||| READING scroll labelled AMEMI XEKISEOTA.
  1999 | D:2      | 1999 ||| READING scroll labelled DATWYDGH AJYKK.
  2000 | D:2      | 2000 ||| READING scroll labelled XUTEMOT JUED.
  2001 | D:2      | 2001 ||| DRINKING 2 black potions.
  2002 | D:2      | 2002 ||| READING 2 scrolls of identify.
  2002 | D:2      | 2002 ||| IDENTIFYING sedimented coppery potion
  2003 | D:2      | 2003 ||| DROPPING potion of brilliance.
  2045 | D:3      | Noticed Robin
  2050 | D:3      | 2050 ||| INVOKING Berserk.
  2055 | D:3      | Killed Robin
  2067 | D:3      | 2067 ||| FLEEEEING.
  2073 | D:3      | 2073 ||| STAIRDANCE
  2095 | D:2      | Reached skill level 7 in Axes
  2095 | D:2      | Reached XP level 5. HP: 18/45 MP: 4/4
  2427 | D:3      | 2427 ||| Stepping ~*~*~tactically~*~*~ (hiding).
  2432 | D:3      | 2432 ||| INVOKING Berserk.
  2641 | D:3      | 2641 ||| Stepping ~*~*~tactically~*~*~ (stealth).
  2648 | D:3      | 2648 ||| INVOKING Berserk.
  2824 | D:3      | 2824 ||| Stepping ~*~*~tactically~*~*~ (stealth).
  3092 | D:3      | 3092 ||| UPGRADING to +4 ring of protection.
  3093 | D:3      | 3093 ||| READING 2 scrolls labelled INAF ITHUGH.
  3098 | D:3      | 3098 ||| READING scroll labelled ACKIPP GUXKAJ.
  3099 | D:3      | 3099 ||| READING scroll labelled ECOIH MADAHE.
  3100 | D:3      | 3100 ||| READING scroll labelled KEISUDE DENK.
  3101 | D:3      | 3101 ||| READING 2 scrolls of identify.
  3101 | D:3      | 3101 ||| IDENTIFYING green potion
  3141 | D:4      | Reached XP level 6. HP: 50/53 MP: 5/5
  3347 | D:4      | 3347 ||| Stepping ~*~*~tactically~*~*~ (stealth).
  3351 | D:4      | 3351 ||| Stepping ~*~*~tactically~*~*~ (stealth).
  3475 | D:4      | Noticed a steam dragon
  3476 | D:4      | 3476 ||| INVOKING Berserk.
  3478 | D:4      | Killed a steam dragon
  3479 | D:4      | Reached skill level 8 in Axes
  3769 | D:4      | Found an opulent altar of Gozag.
  3800 | D:4      | Reached skill level 9 in Axes
  3843 | D:4      | Noticed a hornet
  3847 | D:4      | Paralysed by a hornet for 3 turns
  3850 | D:4      | 3850 ||| INVOKING Berserk.
  3851 | D:4      | HP: 7/79 [hornet (13)]
  3852 | D:4      | HP: 1/79 [hornet (5)]
  3852 | D:4      | Slain by a hornet

Levels and vault maps discovered:
D:1:      dpeg_arrival_central, layout_loops_cross,
          hellmonk_ecumenical_altar_heavens_door
D:2:      layout_loops_ring, basic_altar, minmay_misc_feat_tower,
          uniq_crazy_yiuf_cottage
D:3:      layout_basic, uniq_robin
D:4:      layout_loops_ring, nicolae_gozag_cash_rules_everything_around_me,
          palyth_stone_intersect, minivault_5, hangedman_decor_points, hex_large

Skill      XL: |  1  2  3  4  5  6 |
---------------+-------------------+-----
Axes           | 4 5 6 7 9 |  9.0
Fighting       | 4 |  4.4
Armour         | |  2.4
Dodging        | |  2.1

Action                   |  1- 3 |  4- 6 || total
-------------------------+-------+-------++-------
Melee: Hand axe          |    71 |   129 ||   200
       Headbutt          |     5 |    14 ||    19
       Punch             |       |     2 ||     2
Invok: Berserk           |     1 |     5 ||     6
  Use: Scroll            |     2 |    11 ||    13
       Potion            |       |     1 ||     1
Armor: Animal skin       |    10 |       ||    10
       Leather armour    |     4 |       ||     4
       Chain mail        |       |    61 ||    61
Dodge: Dodged            |    43 |    34 ||    77

Table legend:
 A = Non-vault XP
 B = Vault XP
 C = Vault XP percentage of total XP
 D = Non-vault monster count
 E = Vault monster count
 F = Vault count percentage of total count
                 A         B        C        D         E       F
            +---------+---------+-------+---------+---------+-------
      Total |     611 |      38 |   5.9 |      74 |      12 |  14.0
            +---------+---------+-------+---------+---------+-------
        D:1 |      33 |       0 |   0.0 |      19 |       0 |   0.0
        D:2 |     127 |       0 |   0.0 |      21 |       0 |   0.0
        D:3 |     141 |      38 |  21.2 |      19 |      12 |  38.7
        D:4 |     310 |       0 |   0.0 |      15 |       0 |   0.0
            +---------+---------+-------+---------+---------+-------
